Carolina Hurricanes vs Vancouver Canucks

Created - mercredi 23 janvier 2019 at 19:00

Goals
1 2 3 OT1 T
Carolina Hurricanes 0 0 2 0 2
Vancouver Canucks 0 0 2 1 3
Shots
1 2 3 OT1 T
Carolina Hurricanes 11 10 7 2 30
Vancouver Canucks 6 7 8 5 26

1st period

No Goal

Penalties :
Erik Johnson (CAR) for Interference (Minor) at 16:43, Michael Chaput (VAN) for Hooking (Minor) at 19:08

2nd period

No Goal

Penalties :
Jake Virtanen (VAN) for Hooking (Minor) at 1:39

3rd period

1. Vancouver Canucks , Henrik Sedin 12 (Dan Hamhuis 25) at 1:46 (PP)
2. Vancouver Canucks , Ben Hutton 2 (Darren Archibald 6) at 14:02
3. Carolina Hurricanes , Jordan Staal 14 (Sebastian Aho 19) at 16:22
4. Carolina Hurricanes , Jannik Hansen 5 (Brett Pesce 10, Sebastian Aho 20) at 17:36

Penalties :
Jeff Skinner (CAR) for Hooking (Minor) at 1:19, Daniel Winnik (CAR) for Holding (Minor) at 7:35, Noah Hanifin (CAR) for Roughing (Minor) at 11:07

Overtime #1

5. Vancouver Canucks , Alex Biega 7 (Markus Granlund 7, David Desharnais 16) at 4:00

Penalties :
Eric Staal (CAR) for Hooking (Minor) at 0:03

Goalie Stats

Cam Ward (CAR), 23 saves from 26 shots - (0.885), OTL, 7-7-2, 64:00 minutes
Jacob Markstrom (VAN), 28 saves from 30 shots - (0.933), W, 17-20-9, 64:00 minutes

Players Stats for Carolina Hurricanes

Player Name              G  A  P  +/- PIM S  H  SB GA TA FO     MP     PP MP  PK MP  
------------------------------------------------------------------------------------
Brett Pesce              0  1  1   1  0   0  0  0  0  0  0/0    22:39   1:43   4:22 
Casey Cizikas            0  0  0   0  0   1  1  0  0  0  2/7    13:54   0:00   1:25 
Cody Franson             0  0  0   0  0   1  1  1  0  0  0/0    16:18   0:00   1:02 
Daniel Winnik            0  0  0   1  2   3  3  0  0  1  0/0     9:49   0:00   0:02 
Derek Ryan               0  0  0   1  0   3  1  0  0  0  1/3     9:14   0:00   0:00 
Elias Lindholm           0  0  0   1  0   0  2  1  0  0  0/0    15:15   1:53   0:00 
Eric Staal               0  0  0   0  2   1  2  0  0  0  14/19  20:32   2:05   3:15 
Erik Johnson             0  0  0   0  2   2  4  2  0  1  0/0    23:42   2:15   2:59 
Evgenii Dadonov          0  0  0  -2  0   1  3  0  0  0  0/1    20:27   2:05   3:01 
Jaccob Slavin            0  0  0   1  0   0  1  1  0  1  0/0    22:33   1:43   4:16 
Jannik Hansen            1  0  1   1  0   1  2  0  0  0  0/0     9:14   0:00   0:00 
Jeff Skinner             0  0  0  -1  2   2  2  0  0  0  0/0    12:30   0:00   0:00 
Jordan Staal             1  0  1  -1  0   5  0  0  0  2  10/22  19:41   1:53   3:01 
Michael Grabner          0  0  0   0  0   0  1  0  0  0  0/0    11:53   0:00   0:00 
Noah Hanifin             0  0  0   0  2   0  0  0  0  0  0/0    14:59   0:00   0:00 
Ryan Suter               0  0  0  -1  0   4  0  2  1  0  0/0    26:34   2:15   4:07 
Sebastian Aho            0  2  2   1  0   3  2  0  1  0  1/2    15:28   1:53   0:00 
Taylor Hall              0  0  0   0  0   3  2  0  1  2  3/6    21:06   2:05   4:03 

Players Stats for Vancouver Canucks

Player Name              G  A  P  +/- PIM S  H  SB GA TA FO     MP     PP MP  PK MP  
------------------------------------------------------------------------------------
Alex Biega               1  0  1   0  0   3  1  3  0  0  0/0    23:16   3:13   1:54 
Alexei Emelin            0  0  0   0  0   0  3  2  0  0  0/0    20:10   0:00   2:04 
Ben Hutton               1  0  1  -1  0   1  1  4  0  0  0/0    21:14   3:11   1:54 
Bo Horvat                0  0  0  -1  0   2  0  2  0  0  10/24  23:06   3:24   2:00 
Cal Clutterbuck          0  0  0  -1  0   3  3  1  1  1  0/0    19:48   1:51   1:57 
Chris Kunitz             0  0  0   0  0   0  1  1  0  0  0/0    16:47   3:21   0:08 
Dan Hamhuis              0  1  1   0  0   0  2  3  0  0  0/0    22:47   3:13   0:00 
Darren Archibald         0  1  1   0  0   1  2  0  0  0  0/0    12:48   0:00   0:00 
David Desharnais         0  1  1   0  0   7  2  0  1  0  8/12   15:25   2:47   0:00 
Henrik Sedin             1  0  1   0  0   3  1  0  0  1  7/15   17:31   3:15   0:00 
Jake Virtanen            0  0  0  -1  2   2  0  0  0  0  0/0    12:33   0:09   0:00 
Jason Garrison           0  0  0   1  0   0  0  0  1  1  0/0    19:39   0:00   2:04 
Logan Shaw               0  0  0   1  0   1  2  1  1  0  1/1    11:47   0:04   1:53 
Markus Granlund          0  1  1   0  0   0  3  1  1  0  0/4    19:06   0:43   1:58 
Matt Bartkowski          0  0  0  -1  0   0  1  1  0  0  0/0    19:19   3:11   0:00 
Matt Calvert             0  0  0   0  0   1  2  0  2  0  0/0    10:03   0:51   0:00 
Michael Chaput           0  0  0   1  2   1  2  0  0  0  2/3     9:50   0:00   0:00 
Ryan Callahan            0  0  0   0  0   1  2  0  0  0  1/1    15:16   2:47   0:00 

3 Stars

1 - Jannik Hansen (CAR)
2 - Sebastian Aho (CAR)
3 - Alex Biega (VAN)

Power Play

Carolina Hurricanes - 0 on 1 Attempt(s) - 0.00%
Vancouver Canucks - 1 on 6 Attempt(s) - 16.67%

Penalty Kill

Carolina Hurricanes - 5 on 6 Attempt(s) - 83.33% - Score 0 goal in Penalty Kill
Vancouver Canucks - 1 on 1 Attempt(s) - 100.00% - Score 0 goal in Penalty Kill

Team Stat

Carolina Hurricanes - Hits : 27 - Faceoff Wins : 31 - Blocked Shots : 7 - Penalty Minutes : 10
Vancouver Canucks - Hits : 28 - Faceoff Wins : 29 - Blocked Shots : 19 - Penalty Minutes : 4

Official

Referees : Steve Kozari and Dan O'Rourke
Linesman : Shandor Alphonso and Brandon Gawryletz

Game Notes

17:11 of 2nd period - Penalty Shot by Erik Johnson for Carolina Hurricanes - Stopped by Jacob Markstrom
Matt Calvert is injured at 17:38 of 2nd period (Sprained Left Ankle)

Finance

Level 1 -- Attendance: 8437 (84.37%) -- Ticket Income fr. 674'960
Level 2 -- Attendance: 2000 (100.00%) -- Ticket Income fr. 124'000
Level 3 -- Attendance: 3058 (87.37%) -- Ticket Income fr. 103'972
Level 4 -- Attendance: 1333 (91.93%) -- Ticket Income fr. 26'660
Luxury Box -- Attendance: 50 (100.00%) -- Ticket Income fr. 10'000
Game was played at the Rogers Arena.
Total Attendance: 14878 (87.52%)
Total Ticket Income: fr. 939'592
Total Income: fr. 939'592

Carolina Hurricanes

5 vs 5 Forward 
   Center                   Left Wing                Right Wing               Time % Phy DF OF 
 1 Eric Staal               Taylor Hall              Evgenii Dadonov          30     1   2  2  
 2 Jordan Staal             Sebastian Aho            Elias Lindholm           30     1   2  2  
 3 Casey Cizikas            Jeff Skinner             Michael Grabner          25     1   2  2  
 4 Derek Ryan               Daniel Winnik            Jannik Hansen            15     1   2  2  

5 vs 5 Defense 
   Defense                  Defense                                           Time % Phy DF OF 
 1 Ryan Suter               Erik Johnson                                      30     1   2  2  
 2 Jaccob Slavin            Brett Pesce                                       30     1   2  2  
 3 Noah Hanifin             Cody Franson                                      25     1   2  2  
 4 Ryan Suter               Erik Johnson                                      15     1   2  2  

PowerPlay Forward 
   Center                   Left Wing                Right Wing               Time % Phy DF OF 
 1 Eric Staal               Taylor Hall              Evgenii Dadonov          50     1   2  2  
 2 Jordan Staal             Sebastian Aho            Elias Lindholm           50     1   2  2  

PowerPlay Defense
   Defense                  Defense                                           Time % Phy DF OF 
 1 Ryan Suter               Erik Johnson                                      50     1   2  2  
 2 Jaccob Slavin            Brett Pesce                                       50     1   2  2  

Penalty Kill 4 Players Forward 
   Center                   Wing                     Time % Phy DF OF 
 1 Taylor Hall              Eric Staal               50     1   2  2  
 2 Jordan Staal             Evgenii Dadonov          50     1   2  2  

Penalty Kill 4 Players Defense
   Defense                  Defense                  Time % Phy DF OF 
 1 Ryan Suter               Erik Johnson             50     1   2  2  
 2 Jaccob Slavin            Brett Pesce              50     1   2  2  

Penalty Kill - 3 Players Forward 
   Forward                                           Time % Phy DF OF 
 1 Taylor Hall                                       50     1   2  2  
 2 Eric Staal                                        50     1   2  2  

Penalty Kill - 3 Players Defense
   Defense                  Defense                  Time % Phy DF OF 
 1 Ryan Suter               Erik Johnson             50     1   2  2  
 2 Jaccob Slavin            Brett Pesce              50     1   2  2  

4 vs 4 Forward 
   Center                   Wing                     Time % Phy DF OF 
 1 Taylor Hall              Eric Staal               50     1   2  2  
 2 Jordan Staal             Evgenii Dadonov          50     1   2  2  

4 vs 4 Defense
   Defense                  Defense                  Time % Phy DF OF 
 1 Ryan Suter               Erik Johnson             50     1   2  2  
 2 Jaccob Slavin            Brett Pesce              50     1   2  2  

Last Minutes Offensive
   Center                   Left Wing                Right Wing               Defense                  Defense                  
   Eric Staal               Taylor Hall              Evgenii Dadonov          Ryan Suter               Erik Johnson             

Last Minutes Defensive
   Center                   Left Wing                Right Wing               Defense                  Defense                  
   Eric Staal               Taylor Hall              Evgenii Dadonov          Ryan Suter               Erik Johnson             

Goaltenders
Starting : Cam Ward                 
Backup : Casey DeSmith            

Extra Forwards
Normal : Jeff Skinner, Michael Grabner, Casey Cizikas - PP : Jeff Skinner, Michael Grabner - PK : Casey Cizikas
Extra Defensemen
Normal : Noah Hanifin, Cody Franson, Jaccob Slavin - PP : Noah Hanifin - PK : Cody Franson, Jaccob Slavin
Penalty Shots
Taylor Hall, Eric Staal, Jordan Staal, Evgenii Dadonov, Sebastian Aho
Custom OT Lines Forwards
Taylor Hall, Eric Staal, Jordan Staal, Evgenii Dadonov, Sebastian Aho, Jeff Skinner, Elias Lindholm, Michael Grabner, Casey Cizikas, Derek Ryan
Custom OT Lines Defensemen
Ryan Suter, Erik Johnson, Jaccob Slavin, Brett Pesce, Noah Hanifin

Scratches
Justin Faulk (Lacerated Left Calf Injury), Victor Rask (Healthy), Frederik Andersen (Healthy)

Vancouver Canucks

5 vs 5 Forward 
   Center                   Left Wing                Right Wing               Time % Phy DF OF 
 1 Bo Horvat                Matt Calvert             Cal Clutterbuck          33     1   1  3  
 2 Henrik Sedin             Chris Kunitz             Ryan Callahan            31     1   1  3  
 3 David Desharnais         Markus Granlund          Jake Virtanen            26     1   1  3  
 4 Michael Chaput           Darren Archibald         Logan Shaw               10     1   3  1  

5 vs 5 Defense 
   Defense                  Defense                                           Time % Phy DF OF 
 1 Dan Hamhuis              Alex Biega                                        35     1   2  2  
 2 Jason Garrison           Alexei Emelin                                     35     1   2  2  
 3 Ben Hutton               Matt Bartkowski                                   28     1   3  1  
 4 Dan Hamhuis              Alex Biega                                        2      1   3  1  

PowerPlay Forward 
   Center                   Left Wing                Right Wing               Time % Phy DF OF 
 1 Henrik Sedin             Chris Kunitz             Bo Horvat                60     1   1  3  
 2 David Desharnais         Matt Calvert             Ryan Callahan            40     1   1  3  

PowerPlay Defense
   Defense                  Defense                                           Time % Phy DF OF 
 1 Dan Hamhuis              Alex Biega                                        60     1   1  3  
 2 Matt Bartkowski          Ben Hutton                                        40     1   1  3  

Penalty Kill 4 Players Forward 
   Center                   Wing                     Time % Phy DF OF 
 1 Bo Horvat                Cal Clutterbuck          50     1   4  0  
 2 Markus Granlund          Logan Shaw               50     1   4  0  

Penalty Kill 4 Players Defense
   Defense                  Defense                  Time % Phy DF OF 
 1 Alexei Emelin            Jason Garrison           50     1   4  0  
 2 Ben Hutton               Alex Biega               50     1   4  0  

Penalty Kill - 3 Players Forward 
   Forward                                           Time % Phy DF OF 
 1 Michael Chaput                                    50     1   4  0  
 2 Markus Granlund                                   50     1   4  0  

Penalty Kill - 3 Players Defense
   Defense                  Defense                  Time % Phy DF OF 
 1 Alexei Emelin            Jason Garrison           50     1   4  0  
 2 Alex Biega               Ben Hutton               50     1   4  0  

4 vs 4 Forward 
   Center                   Wing                     Time % Phy DF OF 
 1 Henrik Sedin             Bo Horvat                55     0   1  4  
 2 David Desharnais         Matt Calvert             45     0   1  4  

4 vs 4 Defense
   Defense                  Defense                  Time % Phy DF OF 
 1 Dan Hamhuis              Matt Bartkowski          50     1   1  3  
 2 Ben Hutton               Alex Biega               50     1   1  3  

Last Minutes Offensive
   Center                   Left Wing                Right Wing               Defense                  Defense                  
   Henrik Sedin             Bo Horvat                Ryan Callahan            Dan Hamhuis              Alex Biega               

Last Minutes Defensive
   Center                   Left Wing                Right Wing               Defense                  Defense                  
   David Desharnais         Markus Granlund          Cal Clutterbuck          Ben Hutton               Jason Garrison           

Goaltenders
Starting : Jacob Markstrom          
Backup : Anders Nilsson           

Extra Forwards
Normal : Markus Granlund, Darren Archibald, Matt Calvert - PP : Matt Calvert, Cal Clutterbuck - PK : Bo Horvat
Extra Defensemen
Normal : Alexei Emelin, Alex Biega, Dan Hamhuis - PP : Jason Garrison - PK : Ben Hutton, Matt Bartkowski
Penalty Shots
Bo Horvat, Markus Granlund, Henrik Sedin, David Desharnais, Ryan Callahan
Custom OT Lines Forwards
Henrik Sedin, Bo Horvat, David Desharnais, Matt Calvert, Markus Granlund, Logan Shaw, Cal Clutterbuck, Jake Virtanen, Michael Chaput, Darren Archibald
Custom OT Lines Defensemen
Dan Hamhuis, Alex Biega, Jason Garrison, Matt Bartkowski, Alexei Emelin

Scratches
Brendan Gaunce (Healthy), Troy Stecher (Separated Right Shoulder Injury), Alex Formenton (Healthy)

% Time on Ice - Carolina Hurricanes

Lines # - Real PCT - Wanted PCT - Time Play
Normal Forward
1 - 28% - 30% - 14:04
2 - 30% - 30% - 14:41
3 - 23% - 25% - 11:39
4 - 19% - 15% - 9:14
Normal Defense
1 - 26% - 30% - 13:05
2 - 33% - 30% - 16:16
3 - 30% - 25% - 14:53
4 - 11% - 15% - 5:24
PP Forward
1 - 53% - 50% - 2:05
2 - 47% - 50% - 1:53
PP Defense
1 - 57% - 50% - 2:15
2 - 43% - 50% - 1:43
PK Forward
1 - 52% - 50% - 3:21
2 - 48% - 50% - 3:03
PK Defense
1 - 51% - 50% - 3:14
2 - 49% - 50% - 3:10
PK3 Forward
1 - 39% - 50% - 0:47
2 - 61% - 50% - 1:12
PK3 Defense
1 - 55% - 50% - 1:05
2 - 45% - 50% - 0:54
44 Forward
1 - 0% - 50%
2 - 0% - 50%
44 Defense
1 - 0% - 50%
2 - 0% - 50%
Last Minute Offensive  - 0:00
Last Minute Defensive  - 0:00
Total
Forward - 61:59
Defense - 61:59

% Time on Ice - Vancouver Canucks

Lines # - Real PCT - Wanted PCT - Time Play
Normal Forward
1 - 32% - 33% - 15:59
2 - 27% - 31% - 13:22
3 - 22% - 26% - 10:54
4 - 19% - 10% - 9:23
Normal Defense
1 - 35% - 35% - 17:22
2 - 37% - 35% - 18:07
3 - 28% - 28% - 13:57
4 - 0% - 2% - 0:12
PP Forward
1 - 54% - 60% - 3:27
2 - 46% - 40% - 2:57
PP Defense
1 - 50% - 60% - 3:13
2 - 50% - 40% - 3:11
PK Forward
1 - 50% - 50% - 2:00
2 - 50% - 50% - 1:58
PK Defense
1 - 52% - 50% - 2:04
2 - 48% - 50% - 1:54
PK3 Forward
1 - 0% - 50%
2 - 0% - 50%
PK3 Defense
1 - 0% - 50%
2 - 0% - 50%
44 Forward
1 - 61% - 55% - 1:12
2 - 39% - 45% - 0:47
44 Defense
1 - 61% - 50% - 1:12
2 - 39% - 50% - 0:47
Last Minute Offensive  - 0:00
Last Minute Defensive  - 0:00
Total
Forward - 61:59
Defense - 61:59

Play-by-Play

1st period


0:01 of 1st period - Bo Horvat wins face-off versus Eric Staal in neutral zone.
0:12 of 1st period - Wrist shot by Evgenii Dadonov.
0:12 of 1st period - Shot Blocked by Cal Clutterbuck.
0:14 of 1st period - Slapshot by Erik Johnson.
0:14 of 1st period - Deflect By Taylor Hall.
0:14 of 1st period - Shot Blocked by Dan Hamhuis.
0:14 of 1st period - Puck is out of play.
0:15 of 1st period - Ryan Callahan wins face-off versus Jordan Staal in Vancouver Canucks zone.
0:22 of 1st period - Slapshot by Chris Kunitz.
0:22 of 1st period - Shot Misses the Net.
1:30 of 1st period - Off-side.
1:31 of 1st period - David Desharnais wins face-off versus Casey Cizikas in neutral zone.
2:14 of 1st period - Snap shot by Jeff Skinner.
2:14 of 1st period - Shot Misses the Net.
2:16 of 1st period - Snap shot by Michael Grabner.
2:16 of 1st period - Shot Misses the Net.
2:18 of 1st period - Slapshot by Michael Grabner.
2:18 of 1st period - Shot Blocked by Alexei Emelin.
2:20 of 1st period - Snap shot by Casey Cizikas.
2:20 of 1st period - Shot Misses the Net.
2:38 of 1st period - Wrist shot by Jeff Skinner.
2:38 of 1st period - Shot Blocked by Logan Shaw.
2:40 of 1st period - Slapshot by Erik Johnson.
2:40 of 1st period - Stopped by Jacob Markstrom with a rebound.
2:42 of 1st period - Wrist shot by Jeff Skinner.
2:42 of 1st period - Stopped by Jacob Markstrom without a rebound.
2:43 of 1st period - Sebastian Aho wins face-off versus Bo Horvat in Vancouver Canucks zone.
2:50 of 1st period - Snap shot by Jordan Staal.
2:50 of 1st period - Shot Misses the Net.
3:08 of 1st period - Dan Hamhuis is hit by Evgenii Dadonov and loses puck.
3:13 of 1st period - Wrist shot by Taylor Hall.
3:13 of 1st period - Stopped by Jacob Markstrom with a rebound.
3:15 of 1st period - Snap shot by Eric Staal.
3:15 of 1st period - Shot Misses the Net.
3:17 of 1st period - Wrist shot by Eric Staal.
3:17 of 1st period - Stopped by Jacob Markstrom without a rebound.
3:18 of 1st period - Bo Horvat wins face-off versus Jordan Staal in Vancouver Canucks zone.
3:43 of 1st period - Jannik Hansen is hit by Matt Bartkowski and loses puck.
5:02 of 1st period - Markus Granlund is hit by Taylor Hall.
6:21 of 1st period - Wrist shot by Markus Granlund.
6:21 of 1st period - Shot Blocked by Erik Johnson.
6:41 of 1st period - Snap shot by Taylor Hall.
6:41 of 1st period - Stopped by Jacob Markstrom without a rebound.
6:42 of 1st period - Bo Horvat wins face-off versus Jordan Staal in Vancouver Canucks zone.
7:17 of 1st period - Snap shot by Taylor Hall.
7:17 of 1st period - Shot Misses the Net.
7:33 of 1st period - Snap shot by Ryan Callahan.
7:33 of 1st period - Stopped by Cam Ward with a rebound.
7:47 of 1st period - Michael Chaput is hit by Derek Ryan and loses puck.
8:36 of 1st period - Erik Johnson is hit by Matt Calvert and loses puck.
8:49 of 1st period - Snap shot by Bo Horvat.
8:49 of 1st period - Stopped by Cam Ward without a rebound.
8:50 of 1st period - Jordan Staal wins face-off versus David Desharnais in Carolina Hurricanes zone.
8:50 of 1st period - Jordan Staal is hit by Alexei Emelin.
9:22 of 1st period - Wrist shot by Ryan Callahan.
9:22 of 1st period - Shot Misses the Net.
9:24 of 1st period - Snap shot by Dan Hamhuis.
9:24 of 1st period - Shot Misses the Net.
9:34 of 1st period - Jaccob Slavin is hit by Darren Archibald and loses puck.
10:22 of 1st period - Elias Lindholm is hit by David Desharnais and loses puck.
10:42 of 1st period - Icing by Alex Biega.
10:43 of 1st period - Derek Ryan wins face-off versus Michael Chaput in Vancouver Canucks zone.
10:48 of 1st period - Snap shot by Daniel Winnik.
10:48 of 1st period - Shot Blocked by Dan Hamhuis.
11:08 of 1st period - Dan Hamhuis is hit by Evgenii Dadonov and loses puck.
11:23 of 1st period - Slapshot by Darren Archibald.
11:23 of 1st period - Stopped by Cam Ward with a rebound.
11:29 of 1st period - Snap shot by Darren Archibald.
11:29 of 1st period - Shot Blocked by Erik Johnson.
11:31 of 1st period - Wrist shot by Logan Shaw.
11:31 of 1st period - Stopped by Cam Ward with a rebound.
11:45 of 1st period - Snap shot by Taylor Hall.
11:45 of 1st period - Deflect By Logan Shaw.
11:45 of 1st period - Shot Misses the Net.
11:45 of 1st period - Puck is out of play.
11:46 of 1st period - Jordan Staal wins face-off versus Bo Horvat in Vancouver Canucks zone.
12:11 of 1st period - Jaccob Slavin is hit by Ben Hutton and loses puck.
12:54 of 1st period - Daniel Winnik is hit by Alex Biega.
13:00 of 1st period - Snap shot by Noah Hanifin.
13:00 of 1st period - Shot Blocked by Alex Biega.
13:50 of 1st period - Slapshot by Sebastian Aho.
13:50 of 1st period - Stopped by Jacob Markstrom with a rebound.
14:38 of 1st period - Off-side.
14:39 of 1st period - Jordan Staal wins face-off versus David Desharnais in neutral zone.
15:24 of 1st period - Ryan Callahan is hit by Jannik Hansen and loses puck.
15:54 of 1st period - Wrist shot by Ryan Suter.
15:54 of 1st period - Shot Misses the Net.
15:56 of 1st period - Snap shot by Ryan Suter.
15:56 of 1st period - Shot Blocked by Ben Hutton.
15:58 of 1st period - Slapshot by Erik Johnson.
15:58 of 1st period - Deflect By Derek Ryan.
15:58 of 1st period - Shot Misses the Net.
15:58 of 1st period - Puck is out of play.
15:59 of 1st period - Jordan Staal wins face-off versus Henrik Sedin in Vancouver Canucks zone.
16:10 of 1st period - Slapshot by Sebastian Aho.
16:10 of 1st period - Stopped by Jacob Markstrom without a rebound.
16:11 of 1st period - Bo Horvat wins face-off versus Jordan Staal in Vancouver Canucks zone.
16:16 of 1st period - Jordan Staal is hit by Matt Calvert and loses puck.
16:21 of 1st period - Snap shot by Bo Horvat.
16:21 of 1st period - Shot Blocked by Elias Lindholm.
16:23 of 1st period - Slapshot by Alex Biega.
16:23 of 1st period - Stopped by Cam Ward without a rebound.
16:24 of 1st period - David Desharnais wins face-off versus Jordan Staal in Carolina Hurricanes zone.
16:39 of 1st period - Slapshot by David Desharnais.
16:39 of 1st period - Stopped by Cam Ward without a rebound.
16:40 of 1st period - Eric Staal wins face-off versus Bo Horvat in Carolina Hurricanes zone.
16:40 of 1st period - Eric Staal is hit by Dan Hamhuis.
16:43 of 1st period - Minor Penalty to Erik Johnson for Interference.
16:44 of 1st period - Taylor Hall wins face-off versus Henrik Sedin in Carolina Hurricanes zone.
18:43 of 1st period - Penalty to Erik Johnson is over, Erik Johnson is back on ice.
18:44 of 1st period - Ben Hutton is hit by Daniel Winnik and loses puck.
19:01 of 1st period - Snap shot by Ryan Suter.
19:01 of 1st period - Deflect By Logan Shaw.
19:01 of 1st period - Stopped by Jacob Markstrom with a rebound.
19:03 of 1st period - Slapshot by Cody Franson.
19:03 of 1st period - Deflect By Darren Archibald.
19:03 of 1st period - Stopped by Jacob Markstrom with a rebound.
19:05 of 1st period - Wrist shot by Casey Cizikas.
19:05 of 1st period - Stopped by Jacob Markstrom without a rebound.
19:06 of 1st period - Michael Chaput wins face-off versus Jordan Staal in Vancouver Canucks zone.
19:08 of 1st period - Minor Penalty to Michael Chaput for Hooking.
19:09 of 1st period - Bo Horvat wins face-off versus Eric Staal in Vancouver Canucks zone.
19:21 of 1st period - Wrist shot by Taylor Hall.
19:21 of 1st period - Stopped by Jacob Markstrom with a rebound.
Goals for this period are 0 for Carolina Hurricanes vs 0 for Vancouver Canucks.
Shots for this period are 11 for Carolina Hurricanes vs 6 for Vancouver Canucks.

2nd period


0:01 of 2nd period - Jordan Staal wins face-off versus Markus Granlund in neutral zone.
1:08 of 2nd period - Penalty to Michael Chaput is over, Michael Chaput is back on ice.
1:36 of 2nd period - Snap shot by Derek Ryan.
1:36 of 2nd period - Stopped by Jacob Markstrom without a rebound.
1:37 of 2nd period - David Desharnais wins face-off versus Derek Ryan in Vancouver Canucks zone.
1:39 of 2nd period - Minor Penalty to Jake Virtanen for Hooking.
1:40 of 2nd period - Jordan Staal wins face-off versus Markus Granlund in Vancouver Canucks zone.
1:40 of 2nd period - Snap shot by Sebastian Aho.
1:40 of 2nd period - Stopped by Jacob Markstrom without a rebound.
1:41 of 2nd period - Jordan Staal wins face-off versus Markus Granlund in Vancouver Canucks zone.
1:48 of 2nd period - Snap shot by Sebastian Aho.
1:48 of 2nd period - Shot Blocked by Ben Hutton.
1:50 of 2nd period - Slapshot by Erik Johnson.
1:50 of 2nd period - Deflect By Alex Biega.
1:50 of 2nd period - Stopped by Jacob Markstrom without a rebound.
1:51 of 2nd period - Eric Staal wins face-off versus Bo Horvat in Vancouver Canucks zone.
3:39 of 2nd period - Penalty to Jake Virtanen is over, Jake Virtanen is back on ice.
3:46 of 2nd period - Snap shot by Derek Ryan.
3:46 of 2nd period - Stopped by Jacob Markstrom with a rebound.
3:48 of 2nd period - Wrist shot by Derek Ryan.
3:48 of 2nd period - Shot Misses the Net.
3:50 of 2nd period - Snap shot by Daniel Winnik.
3:50 of 2nd period - Shot Misses the Net.
5:21 of 2nd period - Ben Hutton is hit by Jannik Hansen and loses puck.
5:32 of 2nd period - Darren Archibald is hit by Evgenii Dadonov and loses puck.
5:43 of 2nd period - Logan Shaw is hit by Daniel Winnik and loses puck.
6:23 of 2nd period - Daniel Winnik is hit by Cal Clutterbuck and loses puck.
6:34 of 2nd period - Dan Hamhuis is hit by Jeff Skinner and loses puck.
6:59 of 2nd period - Jason Garrison is hit by Cody Franson.
7:17 of 2nd period - Bo Horvat is hit by Erik Johnson and loses puck.
7:27 of 2nd period - Icing by Jason Garrison.
7:28 of 2nd period - David Desharnais wins face-off versus Eric Staal in Vancouver Canucks zone.
7:33 of 2nd period - Brett Pesce is hit by Markus Granlund and loses puck.
8:19 of 2nd period - Wrist shot by Jeff Skinner.
8:19 of 2nd period - Stopped by Jacob Markstrom with a rebound.
8:45 of 2nd period - Slapshot by Derek Ryan.
8:45 of 2nd period - Shot Blocked by Matt Bartkowski.
8:55 of 2nd period - Brett Pesce is hit by Logan Shaw.
9:23 of 2nd period - Sebastian Aho is hit by Chris Kunitz and loses puck.
9:49 of 2nd period - Matt Calvert is hit by Erik Johnson and loses puck.
10:16 of 2nd period - Snap shot by Logan Shaw.
10:16 of 2nd period - Deflect By Darren Archibald.
10:16 of 2nd period - Shot Blocked by Ryan Suter.
10:16 of 2nd period - Puck is out of play.
10:17 of 2nd period - Henrik Sedin wins face-off versus Eric Staal in Carolina Hurricanes zone.
10:29 of 2nd period - Off-side.
10:30 of 2nd period - Eric Staal wins face-off versus Bo Horvat in neutral zone.
10:40 of 2nd period - Wrist shot by Cal Clutterbuck.
10:40 of 2nd period - Shot Misses the Net.
10:42 of 2nd period - Wrist shot by Bo Horvat.
10:42 of 2nd period - Deflect By Matt Calvert.
10:42 of 2nd period - Stopped by Cam Ward with a rebound.
10:44 of 2nd period - Snap shot by Jason Garrison.
10:44 of 2nd period - Shot Blocked by Jaccob Slavin.
11:05 of 2nd period - Elias Lindholm is hit by Alexei Emelin and loses puck.
11:12 of 2nd period - David Desharnais is hit by Elias Lindholm and loses puck.
11:24 of 2nd period - Elias Lindholm is hit by Markus Granlund.
11:32 of 2nd period - Alexei Emelin is hit by Sebastian Aho.
11:44 of 2nd period - Wrist shot by David Desharnais.
11:44 of 2nd period - Stopped by Cam Ward with a rebound.
11:48 of 2nd period - Wrist shot by David Desharnais.
11:48 of 2nd period - Stopped by Cam Ward with a rebound.
11:50 of 2nd period - Slapshot by David Desharnais.
11:50 of 2nd period - Stopped by Cam Ward with a rebound.
11:52 of 2nd period - Snap shot by David Desharnais.
11:52 of 2nd period - Stopped by Cam Ward with a rebound.
11:54 of 2nd period - Slapshot by Alexei Emelin.
11:54 of 2nd period - Deflect By David Desharnais.
11:54 of 2nd period - Stopped by Cam Ward without a rebound.
11:55 of 2nd period - Eric Staal wins face-off versus Bo Horvat in Carolina Hurricanes zone.
12:02 of 2nd period - Wrist shot by Evgenii Dadonov.
12:02 of 2nd period - Shot Blocked by Alex Biega.
12:10 of 2nd period - Evgenii Dadonov is hit by Cal Clutterbuck and loses puck.
14:17 of 2nd period - Slapshot by Erik Johnson.
14:17 of 2nd period - Shot Blocked by Chris Kunitz.
14:30 of 2nd period - Icing by Ben Hutton.
14:31 of 2nd period - David Desharnais wins face-off versus Taylor Hall in Vancouver Canucks zone.
14:38 of 2nd period - Backhand shot by Jake Virtanen.
14:38 of 2nd period - Shot Blocked by Ryan Suter.
15:37 of 2nd period - Snap shot by Derek Ryan.
15:37 of 2nd period - Deflect By Daniel Winnik.
15:37 of 2nd period - Stopped by Jacob Markstrom with a rebound.
15:54 of 2nd period - Jaccob Slavin is hit by Dan Hamhuis and loses puck.
15:59 of 2nd period - Slapshot by Daniel Winnik.
15:59 of 2nd period - Stopped by Jacob Markstrom with a rebound.
16:17 of 2nd period - Snap shot by Derek Ryan.
16:17 of 2nd period - Stopped by Jacob Markstrom with a rebound.
16:19 of 2nd period - Wrist shot by Daniel Winnik.
16:19 of 2nd period - Stopped by Jacob Markstrom with a rebound.
16:21 of 2nd period - Slapshot by Jannik Hansen.
16:21 of 2nd period - Deflect By Daniel Winnik.
16:21 of 2nd period - Shot Blocked by Alex Biega.
16:21 of 2nd period - Puck is out of play.
16:22 of 2nd period - Eric Staal wins face-off versus David Desharnais in Vancouver Canucks zone.
16:33 of 2nd period - Wrist shot by Evgenii Dadonov.
16:33 of 2nd period - Shot Misses the Net.
16:47 of 2nd period - Ryan Callahan is hit by Sebastian Aho and loses puck.
16:52 of 2nd period - Wrist shot by Jordan Staal.
16:52 of 2nd period - Stopped by Jacob Markstrom without a rebound.
16:53 of 2nd period - Bo Horvat wins face-off versus Casey Cizikas in Vancouver Canucks zone.
17:00 of 2nd period - Snap shot by Matt Calvert.
17:00 of 2nd period - Shot Hit the Post.
17:11 of 2nd period - Penalty Shot by Erik Johnson for Carolina Hurricanes.
17:11 of 2nd period - Deke by Erik Johnson.
17:11 of 2nd period - Stopped by Jacob Markstrom.
17:12 of 2nd period - Eric Staal wins face-off versus Henrik Sedin in Carolina Hurricanes zone.
17:37 of 2nd period - Matt Calvert is hit by Elias Lindholm and loses puck.
17:38 of 2nd period - Matt Calvert from Vancouver Canucks is injured at 17:38 of 2nd period (Sprained Left Ankle).
17:39 of 2nd period - Eric Staal wins face-off versus Bo Horvat in Vancouver Canucks zone.
17:46 of 2nd period - Taylor Hall is hit by Cal Clutterbuck and loses puck.
17:53 of 2nd period - Wrist shot by Bo Horvat.
17:53 of 2nd period - Shot Misses the Net.
17:55 of 2nd period - Snap shot by Cal Clutterbuck.
17:55 of 2nd period - Shot Misses the Net.
18:05 of 2nd period - Ryan Suter is hit by Michael Chaput.
18:14 of 2nd period - Off-side.
18:15 of 2nd period - Henrik Sedin wins face-off versus Jordan Staal in neutral zone.
18:40 of 2nd period - Snap shot by David Desharnais.
18:40 of 2nd period - Stopped by Cam Ward with a rebound.
19:25 of 2nd period - Jaccob Slavin is hit by Logan Shaw and loses puck.
19:57 of 2nd period - Slapshot by Taylor Hall.
19:57 of 2nd period - Shot Misses the Net.
19:59 of 2nd period - Wrist shot by Taylor Hall.
19:59 of 2nd period - Shot Misses the Net.
Goals for this period are 0 for Carolina Hurricanes vs 0 for Vancouver Canucks.
Shots for this period are 10 for Carolina Hurricanes vs 7 for Vancouver Canucks.

3rd period


0:01 of 3rd period - Casey Cizikas wins face-off versus Bo Horvat in neutral zone.
0:14 of 3rd period - Wrist shot by Casey Cizikas.
0:14 of 3rd period - Shot Blocked by Markus Granlund.
0:32 of 3rd period - Off-side.
0:33 of 3rd period - Eric Staal wins face-off versus Bo Horvat in neutral zone.
0:40 of 3rd period - Slapshot by Evgenii Dadonov.
0:40 of 3rd period - Deflect By Taylor Hall.
0:40 of 3rd period - Shot Blocked by Bo Horvat.
0:40 of 3rd period - Puck is out of play.
0:41 of 3rd period - Eric Staal wins face-off versus Bo Horvat in Vancouver Canucks zone.
0:46 of 3rd period - Wrist shot by Evgenii Dadonov.
0:46 of 3rd period - Stopped by Jacob Markstrom with a rebound.
1:19 of 3rd period - Minor Penalty to Jeff Skinner for Hooking.
1:20 of 3rd period - Henrik Sedin wins face-off versus Taylor Hall in Carolina Hurricanes zone.
1:28 of 3rd period - Backhand shot by Bo Horvat.
1:28 of 3rd period - Shot Misses the Net.
1:30 of 3rd period - Wrist shot by Dan Hamhuis.
1:30 of 3rd period - Shot Misses the Net.
1:32 of 3rd period - Slapshot by Alex Biega.
1:32 of 3rd period - Stopped by Cam Ward without a rebound.
1:33 of 3rd period - Jordan Staal wins face-off versus Henrik Sedin in Carolina Hurricanes zone.
1:44 of 3rd period - Wrist shot by Henrik Sedin.
1:44 of 3rd period - Stopped by Cam Ward with a rebound.
1:46 of 3rd period - Snap shot by Henrik Sedin.
1:46 of 3rd period - Goal by Henrik Sedin - Carolina Hurricanes : 0 - Vancouver Canucks : 1.
1:47 of 3rd period - Bo Horvat wins face-off versus Jordan Staal in neutral zone.
2:13 of 3rd period - Jeff Skinner is hit by Henrik Sedin.
2:25 of 3rd period - Michael Grabner is hit by Ryan Callahan and loses puck.
3:03 of 3rd period - Off-side.
3:04 of 3rd period - Bo Horvat wins face-off versus Jordan Staal in neutral zone.
3:49 of 3rd period - Cody Franson is hit by Markus Granlund.
5:07 of 3rd period - Brett Pesce is hit by Michael Chaput and loses puck.
5:38 of 3rd period - Slapshot by Henrik Sedin.
5:38 of 3rd period - Stopped by Cam Ward without a rebound.
5:39 of 3rd period - Henrik Sedin wins face-off versus Jordan Staal in Carolina Hurricanes zone.
5:45 of 3rd period - Icing by Ryan Suter.
5:46 of 3rd period - Bo Horvat wins face-off versus Jordan Staal in Carolina Hurricanes zone.
5:47 of 3rd period - Snap shot by Cal Clutterbuck.
5:47 of 3rd period - Stopped by Cam Ward with a rebound.
5:49 of 3rd period - Snap shot by Cal Clutterbuck.
5:49 of 3rd period - Stopped by Cam Ward with a rebound.
5:51 of 3rd period - Snap shot by Bo Horvat.
5:51 of 3rd period - Shot Misses the Net.
6:39 of 3rd period - Slapshot by Bo Horvat.
6:39 of 3rd period - Shot Misses the Net.
6:41 of 3rd period - Snap shot by Cal Clutterbuck.
6:41 of 3rd period - Stopped by Cam Ward without a rebound.
6:42 of 3rd period - Henrik Sedin wins face-off versus Eric Staal in Carolina Hurricanes zone.
7:35 of 3rd period - Minor Penalty to Daniel Winnik for Holding.
7:36 of 3rd period - Jordan Staal wins face-off versus Henrik Sedin in Carolina Hurricanes zone.
8:05 of 3rd period - Jordan Staal is hit by Ryan Callahan and loses puck.
8:34 of 3rd period - David Desharnais is hit by Erik Johnson.
9:33 of 3rd period - Icing by Bo Horvat.
9:34 of 3rd period - Logan Shaw wins face-off versus Casey Cizikas in Vancouver Canucks zone.
9:35 of 3rd period - Penalty to Daniel Winnik is over, Daniel Winnik is back on ice.
9:55 of 3rd period - Casey Cizikas is hit by Darren Archibald and loses puck.
10:16 of 3rd period - Chris Kunitz is hit by Daniel Winnik and loses puck.
10:39 of 3rd period - Wrist shot by Eric Staal.
10:39 of 3rd period - Shot Misses the Net.
10:47 of 3rd period - Cody Franson is hit by Alexei Emelin and loses puck.
11:02 of 3rd period - Backhand shot by Taylor Hall.
11:02 of 3rd period - Shot Misses the Net.
11:07 of 3rd period - Minor Penalty to Noah Hanifin for Roughing.
11:08 of 3rd period - Jordan Staal wins face-off versus Henrik Sedin in Carolina Hurricanes zone.
11:55 of 3rd period - Snap shot by Cal Clutterbuck.
11:55 of 3rd period - Deflect By Evgenii Dadonov.
11:55 of 3rd period - Shot Misses the Net.
11:55 of 3rd period - Puck is out of play.
11:56 of 3rd period - Henrik Sedin wins face-off versus Evgenii Dadonov in Carolina Hurricanes zone.
13:07 of 3rd period - Penalty to Noah Hanifin is over, Noah Hanifin is back on ice.
13:33 of 3rd period - Wrist shot by Jordan Staal.
13:33 of 3rd period - Stopped by Jacob Markstrom with a rebound.
13:55 of 3rd period - Darren Archibald is hit by Jeff Skinner and loses puck.
14:02 of 3rd period - Slapshot by Ben Hutton.
14:02 of 3rd period - Goal by Ben Hutton - Carolina Hurricanes : 0 - Vancouver Canucks : 2.
14:03 of 3rd period - David Desharnais wins face-off versus Derek Ryan in neutral zone.
15:35 of 3rd period - Slapshot by Ryan Suter.
15:35 of 3rd period - Deflect By Darren Archibald.
15:35 of 3rd period - Stopped by Jacob Markstrom without a rebound.
15:36 of 3rd period - Eric Staal wins face-off versus Bo Horvat in Vancouver Canucks zone.
16:22 of 3rd period - Snap shot by Jordan Staal.
16:22 of 3rd period - Goal by Jordan Staal - Carolina Hurricanes : 1 - Vancouver Canucks : 2.
16:23 of 3rd period - Casey Cizikas wins face-off versus David Desharnais in neutral zone.
16:47 of 3rd period - Darren Archibald is hit by Eric Staal and loses puck.
17:00 of 3rd period - Backhand shot by Evgenii Dadonov.
17:00 of 3rd period - Shot Blocked by Alexei Emelin.
17:32 of 3rd period - Snap shot by Sebastian Aho.
17:32 of 3rd period - Shot Misses the Net.
17:34 of 3rd period - Slapshot by Brett Pesce.
17:34 of 3rd period - Shot Blocked by Ben Hutton.
17:36 of 3rd period - Snap shot by Jannik Hansen.
17:36 of 3rd period - Goal by Jannik Hansen - Carolina Hurricanes : 2 - Vancouver Canucks : 2.
17:37 of 3rd period - David Desharnais wins face-off versus Casey Cizikas in neutral zone.
17:37 of 3rd period - Jake Virtanen is hit by Casey Cizikas and loses puck.
18:10 of 3rd period - Icing by Matt Bartkowski.
18:11 of 3rd period - Bo Horvat wins face-off versus Jordan Staal in Vancouver Canucks zone.
18:16 of 3rd period - Snap shot by Ben Hutton.
18:16 of 3rd period - Shot Blocked by Cody Franson.
18:24 of 3rd period - Snap shot by Jordan Staal.
18:24 of 3rd period - Stopped by Jacob Markstrom with a rebound.
18:26 of 3rd period - Slapshot by Noah Hanifin.
18:26 of 3rd period - Shot Blocked by Ben Hutton.
18:46 of 3rd period - Cal Clutterbuck is hit by Taylor Hall and loses puck.
18:56 of 3rd period - Off-side.
18:57 of 3rd period - David Desharnais wins face-off versus Casey Cizikas in neutral zone.
18:57 of 3rd period - David Desharnais is hit by Erik Johnson.
19:07 of 3rd period - Slapshot by Ryan Suter.
19:07 of 3rd period - Shot Misses the Net.
19:09 of 3rd period - Slapshot by Ryan Suter.
19:09 of 3rd period - Stopped by Jacob Markstrom with a rebound.
19:11 of 3rd period - Wrist shot by Casey Cizikas.
19:11 of 3rd period - Deflect By Michael Grabner.
19:11 of 3rd period - Shot Misses the Net.
19:11 of 3rd period - Puck is out of play.
19:12 of 3rd period - Eric Staal wins face-off versus Markus Granlund in Vancouver Canucks zone.
19:13 of 3rd period - Wrist shot by Taylor Hall.
19:13 of 3rd period - Shot Misses the Net.
19:37 of 3rd period - Jake Virtanen is hit by Michael Grabner and loses puck.
Goals for this period are 2 for Carolina Hurricanes vs 2 for Vancouver Canucks.
Shots for this period are 7 for Carolina Hurricanes vs 8 for Vancouver Canucks.

Overtime #1


0:01 of 1st overtime period - Eric Staal wins face-off versus Bo Horvat in neutral zone.
0:03 of 1st overtime period - Minor Penalty to Eric Staal for Hooking.
0:04 of 1st overtime period - Taylor Hall wins face-off versus Henrik Sedin in Carolina Hurricanes zone.
0:30 of 1st overtime period - Erik Johnson is hit by David Desharnais and loses puck.
0:37 of 1st overtime period - Wrist shot by Alex Biega.
0:37 of 1st overtime period - Deflect By Markus Granlund.
0:37 of 1st overtime period - Shot Misses the Net.
0:37 of 1st overtime period - Puck is out of play.
0:38 of 1st overtime period - Taylor Hall wins face-off versus Henrik Sedin in Carolina Hurricanes zone.
0:51 of 1st overtime period - Snap shot by Bo Horvat.
0:51 of 1st overtime period - Stopped by Cam Ward with a rebound.
1:01 of 1st overtime period - Alex Biega is hit by Jaccob Slavin and loses puck.
1:06 of 1st overtime period - Wrist shot by Ryan Suter.
1:06 of 1st overtime period - Stopped by Jacob Markstrom with a rebound.
1:08 of 1st overtime period - Slapshot by Erik Johnson.
1:08 of 1st overtime period - Deflect By Taylor Hall.
1:08 of 1st overtime period - Deflect By Markus Granlund.
1:08 of 1st overtime period - Shot Hit the Post.
1:08 of 1st overtime period - Puck is out of play.
1:09 of 1st overtime period - Henrik Sedin wins face-off versus Taylor Hall in Vancouver Canucks zone.
2:03 of 1st overtime period - Penalty to Eric Staal is over, Eric Staal is back on ice.
2:43 of 1st overtime period - Slapshot by Jason Garrison.
2:43 of 1st overtime period - Deflect By Jake Virtanen.
2:43 of 1st overtime period - Stopped by Cam Ward without a rebound.
2:44 of 1st overtime period - Michael Chaput wins face-off versus Sebastian Aho in Carolina Hurricanes zone.
2:49 of 1st overtime period - Wrist shot by Jake Virtanen.
2:49 of 1st overtime period - Stopped by Cam Ward with a rebound.
2:51 of 1st overtime period - Wrist shot by Jake Virtanen.
2:51 of 1st overtime period - Shot Misses the Net.
2:53 of 1st overtime period - Slapshot by Michael Chaput.
2:53 of 1st overtime period - Stopped by Cam Ward without a rebound.
2:54 of 1st overtime period - Eric Staal wins face-off versus Bo Horvat in Carolina Hurricanes zone.
2:59 of 1st overtime period - Slapshot by Ryan Suter.
2:59 of 1st overtime period - Shot Blocked by Bo Horvat.
3:25 of 1st overtime period - Snap shot by Jordan Staal.
3:25 of 1st overtime period - Stopped by Jacob Markstrom without a rebound.
3:26 of 1st overtime period - Eric Staal wins face-off versus Bo Horvat in Vancouver Canucks zone.
3:27 of 1st overtime period - Wrist shot by Taylor Hall.
3:27 of 1st overtime period - Shot Blocked by Dan Hamhuis.
3:38 of 1st overtime period - Henrik Sedin is hit by Eric Staal and loses puck.
4:00 of 1st overtime period - Slapshot by Alex Biega.
4:00 of 1st overtime period - Goal by Alex Biega - Carolina Hurricanes : 2 - Vancouver Canucks : 3.
Goals for this period are 0 for Carolina Hurricanes vs 1 for Vancouver Canucks.
Shots for this period are 2 for Carolina Hurricanes vs 5 for Vancouver Canucks.